 Dungeon Crawl Stone Soup version 0.27.1-1-g398f81649c (webtiles) character file.

Game seed: 7950404903460439458

4 Elvor the Sneak (level 1, -11/14 HPs)
             Began as a Gargoyle Delver on Sept 15, 2021.
             Mangled by an ogre (12 damage)
             ... on level 5 of the Dungeon.
             The game lasted 00:03:22 (341 turns).

Elvor the Sneak (Gargoyle Delver)                    Turns: 341, Time: 00:03:22

Health: -11/14     AC: 11    Str: 15    XL:     1   Next: 60%
Magic:  1/1        EV:  9    Int: 16    God:
Gold:   60         SH:  0    Dex: 11    Spells: 0/0 levels left

rFire    + . .     SeeInvis .   a - +0 mace
rCold    . . .     Faith    .   (no shield)
rNeg     + . .     Spirit   .   n - +1 scale mail {rF+}
rPois    ∞         Reflect  .   (no helmet)
rElec    +         Harm     .   (no cloak)
rCorr    .         Rampage  .   k - +1 pair of gloves
Will     .....                  (no boots)
Stlth    ++........             (no amulet)
HPRegen  0.04/turn              j - +6 ring of intelligence
MPRegen  0.07/turn              m - ring of wizardry

@: no status effects
A: sickness immunity, AC +2, negative energy resistance 1, electricity
resistance, torment resistance 1, petrification resistance
a: no special abilities


You were on level 5 of the Dungeon.
You visited 1 branch of the dungeon, and saw 3 of its levels.

You collected 60 gold pieces.

Inventory:

Hand Weapons
 a - a +0 mace (weapon)
Missiles
 i - 23 stones (quivered)
 l - 15 sling bullets
Armour
 b - a +0 leather armour
 k - a +1 pair of gloves (worn)
 n - a +1 scale mail of fire resistance (worn)
Jewellery
 j - a +6 ring of intelligence (left hand)
 m - a ring of wizardry (right hand)
Wands
 g - a wand of digging (3)
Scrolls
 c - a scroll of fog
 d - 2 scrolls of magic mapping
 e - a scroll of fear
 o - a scroll of teleportation {unknown}
 q - 2 scrolls of identify {unknown}
Potions
 f - 2 potions of haste
 h - a potion of curing {unknown}
 p - a potion of lignification {unknown}


   Skills:
 + Level 3.3 Fighting
 + Level 2.0 Maces & Flails
 + Level 1.5 Dodging
 + Level 5.7 Stealth


You couldn't memorise any spells.
You didn't know any spells.
Your spell library was empty.

Dungeon Overview and Level Annotations

Branches:
Dungeon (6/15)
 Temple: D:4-7

Altars:
Fedhas


Innate Abilities, Weirdness & Mutations

You are immune to sickness and miasma.
Your stone body is resilient. (AC +2)
You are immune to poison.
You resist negative energy. (rN+)
You are resistant to electric shocks. (rElec)
You are resistant to unholy torment.
You are immune to petrification.


Message History

You barely miss the orc.
The orc is moderately wounded.
The orc misses you.
You completely miss the orc.
The orc is moderately wounded.
The orc hits you but does no damage. x2
You hit the orc but do no damage.
The orc is moderately wounded.
The orc hits you but does no damage.
You hit the orc.
You kill the orc!
You now have 46 gold pieces (gained 21).
q - a scroll labelled DUIXKAS VANA
Things that are here:
a +0 club; a +0 scale mail; an orc corpse
m - a ring of wizardry (right hand)
An ogre comes into view. It is wielding a +0 giant club.
Found a hand axe and a scroll labelled DUIXKAS VANA.
Found a pair of gloves.
You see here a scroll labelled DUIXKAS VANA.
q - 2 scrolls labelled DUIXKAS VANA (gained 1)
There is a stone staircase leading up here.
You climb upwards.
Found a scale mail and 14 gold pieces.
There is a stone staircase leading down here.
You now have 60 gold pieces (gained 14).
Found a short sword.
An ogre comes into view. It is wielding a +0 giant club.
A goblin comes into view. It is wielding a +0 dagger.
The goblin shouts!
The goblin moves out of view.
There is a stone staircase leading down here.
The goblin hits you but does no damage.
You climb downwards.
The ogre hits you with a +0 giant club!
Ouch! That really hurt!
* * * LOW HITPOINT WARNING * * *
There is a stone staircase leading up here.
The ogre hits you with a +0 giant club!
Ouch! That really hurt!
You die...

#.............#...
#.##.....####.########## #
#....................
#.###.####.#####...#.
##.#.....)#.# #...#.
#....#.##.#.# #...#.
#########....#.# #... #...#. #
..#........g<#.## ###.#######. #.
#.#.####....O@..# ........).. #.
#.#.#........#..#####.#......#
#..#.#.#<.......#..##<...'......#
#..#.#.#........#..#####.#......#
#....#........#............##.###
#..#.....#..###.########.#.##.###
#..#.............................
.....#.#..#.##########.#......###
#..#.)........ ..........#


You could see an ogre and a goblin.

Vanquished Creatures
  2 orcs (D:5)
2 creatures vanquished.

Notes
Turn   | Place    | Note
-------+----------+-------------------------------------------
     0 | D:5      | Elvor the Gargoyle Delver began the quest for the Orb.
     0 | D:5      | Reached XP level 1. HP: 14/14 MP: 1/1
    10 | D:5      | Noticed an iguana
    62 | D:6      | Noticed a wight
    62 | D:6      | Noticed a wight
    62 | D:6      | Noticed a wight
    70 | D:6      | Noticed an orc wizard
   117 | D:5      | Found a blossoming altar of Fedhas.
   285 | D:5      | Noticed an ogre
   332 | D:4      | Noticed an ogre
   341 | D:5      | Mangled by an ogre

Illustrated notes

Levels and vault maps discovered:
D:4:      layout_basic, grunt_dithmenos_smoke_and_mirrors, nrook_loot_triangle
D:5:      layout_basic, mainiacjoe_overflow_small_starburst,
          mainiacjoe_overflow_six_doors_small, grunt_temple_overflow_open,
          kennysheep_generic_room_12
D:6:      layout_cave_pools, nicolae_uskayaw_suspiria, uniq_crazy_yiuf_cottage

Action                   || total
-------------------------++-------
Melee: Mace              ||     9
Armor: Scale mail        ||     4
       Leather armour    ||     1
Dodge: Dodged            ||     8
